AoeStats
← tomasekh007

Arabian Desert

508858140Analyzed
1v1 RM · 8d ago on Sep 24, 2026· 57m 5s· 2 players
Game mode
Random Map
Map size
Tiny (2 player)
Population
200
Speed
Normal
Resources
Standard
Victory
Conquest
Starting age
Dark Age
Ending age
Imperial Age
RankedLock teamsTeams togetherTeam positionsShared explorationLock speedFull tech treeHidden civsTurbo modeCheats
Victory
Defeat
🇿🇦 Portuguese · South Africa
617
+16
🇨🇿 Vikings · Czechia
625
-16
CREEM TEAM9155
1:39 Loom
11:47 Feudal Age
13:36 Double-Bit Axe
25:21 Castle Age
24:22 Fletching
26:25 Bloodlines
27:42 Husbandry
32:55 Bow Saw
36:16 Forging
36:53 Gambesons
37:37 Stone Mining
39:21 Man-at-Arms
43:41 Imperial Age
41:34 Long Swordsman
44:52 Two-Handed Swordsman
47:44 Stone Shaft Mining
47:00 Gold Mining
48:33 Chemistry
50:10 Champion
53:03 Bodkin Arrow
56:05 Ballistics
56:25 Iron Casting
tomasekh007
11:34 Feudal Age
12:01 Horse Collar
12:08 Double-Bit Axe
12:49 Gold Mining
12:55 Man-at-Arms
18:04 Scale Mail Armor
18:15 Forging
23:43 Castle Age
26:30 Iron Casting
27:33 Bow Saw
31:36 Heavy Plow
31:35 Stone Mining
33:53 Chain Mail Armor
40:10 Imperial Age
43:38 Elite Varangian Guard
46:52 Plate Mail Armor
52:35 Blast Furnace
52:59 Bogsveigar
53:05 Chieftains
54:22 Elite Berserk
Connection lost

Rejoining the realm…

Still unreachable

The connection could not be restored.

Session expired

The server has moved on; the page needs a fresh start.